 Dungeon Crawl Stone Soup version 0.17.1-3-g152610e (webtiles) character file.

269 Goblin1989 the Poker (level 6, 0/45 HPs)
             Began as a Demonspawn Gladiator on Mar 12, 2016.
             Succumbed to an orc wizard's poison
             ... on level 3 of the Dungeon.
             The game lasted 00:07:27 (3104 turns).

Goblin1989 the Poker (Demonspawn Gladiator)         Turns: 3104, Time: 00:07:27

Health: 0/45       AC: 13    Str: 19    XL:     6   Next: 1%
Magic:  6/6        EV:  6    Int: 14    God:
Gold:   137        SH:  0    Dex: 14    Spells: 0 memorised, 5 levels left

rFire  + . .     SeeInvis .     a - +0 trident
rCold  + + .     Clarity  .     g - +0 plate armour (curse)
rNeg   + . .     SustAt   .     (no shield)
rPois  +         Gourm    .     (helmet restricted)
rElec  +         Spirit   .     o - +0 cloak
rCorr  +         Warding  .     (no gloves)
rMut   .         Stasis   .     (no boots)
MR     .....                    (no amulet)
Stlth  ..........               (no ring)
                                u - ring of positive energy

@: brilliant, lethally poisoned (0 -> -26), resistant, not resistant to hostile
enchantments, extremely unstealthy
A: antennae 2, claws 1, rugged brown scales 1, cold resistance 1, strong 1
a: no special abilities


You were on level 3 of the Dungeon.
You were not hungry.

You visited 1 branch of the dungeon, and saw 3 of its levels.

You collected 137 gold pieces.

Inventory:

Hand Weapons
 a - a +0 trident (weapon)
Missiles
 d - 3 throwing nets (quivered)
Armour
 g - a cursed +0 plate armour (worn)
 o - a +0 cloak (worn)
Jewellery
 u - a ring of positive energy (left claw)
Scrolls
 b - 2 scrolls of recharging {unknown}
 h - 5 scrolls of identify {unknown}
 j - a scroll of magic mapping {unknown}
 k - a scroll of random uselessness {unknown}
 m - 2 scrolls of noise {unknown}
 n - a scroll of amnesia {unknown}
 p - a scroll of teleportation {unknown}
Comestibles
 e - 2 bread rations
 i - 2 meat rations
 l - 2 fruits
 q - a beef jerky
 s - 2 chunks of flesh


   Skills:
 - Level 2.0 Fighting
 * Level 5.3 Polearms
 - Level 1.7 Throwing
 + Level 2.7 Armour
 - Level 2.6 Dodging


You had 5 spell levels left.
You didn't know any spells.

Dungeon Overview and Level Annotations

Branches:
Dungeon (3/15)

Altars:
Trog
Vehumet


Innate Abilities, Weirdness & Mutations

You have a pair of antennae on your head.
You are partially covered in rugged brown scales (AC +1, +3% HP).
You have sharp fingernails.
Your flesh is cold resistant.
Your muscles are strong. (Str +2)


Message History

You feel a bit more experienced.
You feel very sick.
Your plate armour prevents you from hitting the orc.
* * * LOW HITPOINT WARNING * * *
You feel very sick. The orc hits you but does no damage.
You hit the orc.
The orc is heavily wounded.
* * * LOW HITPOINT WARNING * * *
You feel very sick. The orc hits you with a flail.
* * * LOW HITPOINT WARNING * * *
You puncture the orc!
You kill the orc!
* * * LOW HITPOINT WARNING * * *
You feel sick.
* * * LOW HITPOINT WARNING * * *
You feel very sick.
Items here: )))) [[[ You die...

#
#.....#.##.###.#
# #.#####.##.#
#.# # #.#
#.##.###.# # #.#
#.##.....# # #.#
#.######## # #(#
#.# #### . #.#
#.# ...#### #.#
#.###.......
#..)@...#
#########


There were no monsters in sight!

Vanquished Creatures
  A sky beast (D:2)
  3 orc wizards (D:3)
  An adder (D:1)
  An ooze (D:3)
  2 worms (D:3)
  4 giant geckos
  11 orcs (D:3)
  4 hobgoblins
  6 kobolds
  3 ball pythons
  7 bats
  2 giant cockroaches (D:1)
  6 giant newts
  6 goblins
  2 quokkas (D:3)
  10 rats
69 creatures vanquished.

Notes
Turn   | Place    | Note
--------------------------------------------------------------
     0 | D:1      | Goblin1989 the Demonspawn Gladiator began the quest for the Orb.
     0 | D:1      | Reached XP level 1. HP: 16/16 MP: 1/1
   246 | D:1      | Reached skill level 3 in Polearms
   464 | D:1      | Gained mutation: You have a pair of small antennae on your head. [demonic ancestry]
   464 | D:1      | Reached XP level 2. HP: 16/22 MP: 2/2
   832 | D:1      | Reached skill level 1 in Armour
   832 | D:1      | Reached XP level 3. HP: 15/27 MP: 3/3
  1398 | D:2      | Found a radiant altar of Vehumet.
  2177 | D:3      | Reached skill level 4 in Polearms
  2213 | D:3      | Noticed a sky beast
  2300 | D:2      | Killed a sky beast
  2300 | D:2      | Gained mutation: You are partially covered in rugged brown scales (AC +1, +3% HP). [demonic ancestry]
  2300 | D:2      | Reached XP level 4. HP: 3/33 MP: 4/4
  2300 | D:2      | Reached XP level 5. HP: 3/39 MP: 5/5
  2707 | D:3      | Reached skill level 5 in Polearms
  2835 | D:3      | Found a bloodstained altar of Trog.
  3091 | D:3      | Gained mutation: Your muscles are strong. (Str +2) [potion of mutation]
  3091 | D:3      | Gained mutation: Your flesh is cold resistant. [potion of mutation]
  3091 | D:3      | Gained mutation: You have sharp fingernails. [potion of mutation]
  3099 | D:3      | Gained mutation: You have a pair of antennae on your head. [demonic ancestry]
  3099 | D:3      | Reached XP level 6. HP: 17/45 MP: 6/6
  3103 | D:3      | HP: 2/45 [poisoned by an orc wizard]
  3104 | D:3      | Succumbed to an orc wizard's poison

Action                   |  1- 3 |  4- 6 || total
-------------------------+-------+-------++-------
Melee: Trident           |   170 |   125 ||   295
  Use: Potion            |       |     5 ||     5
 Stab: Sleeping          |     1 |       ||     1
  Eat: Chunk             |     4 |     3 ||     7
